 Dungeon Crawl Stone Soup version 0.26.0-41-g79a4fc7684 (webtiles) character file.

Game seed: 15967981396823847345

108 wahza the Magician (level 4, -3/24 HPs)
             Began as a Deep Elf Fire Elementalist on Jan 26, 2021.
             Killed by divine providence
             ... invoked by an orc priest
              (14 damage)
             ... on level 3 of the Dungeon.
             The game lasted 00:10:53 (1298 turns).

wahza the Magician (Deep Elf Fire Elementalist)     Turns: 1298, Time: 00:10:53

Health: -3/24      AC:  2    Str:  5    XL:     4   Next: 58%
Magic:  7/12       EV: 13    Int: 21    God:
Gold:   94         SH:  0    Dex: 15    Spells: 0/11 levels left

rFire    . . .     SeeInvis .   f - +1 short sword (speed)
rCold    . . .     Faith    .   (no shield)
rNeg     . . .     Spirit   .   a - +0 robe
rPois    .         Reflect  .   (no helmet)
rElec    .         Harm     .   (no cloak)
rCorr    .         Rampage  .   (no gloves)
Will     .....     Rnd*Tele +   (no boots)
Stlth    ++........             (no amulet)
HPRegen  0.08/turn              i - ring of teleportation (curse)
MPRegen  0.13/turn              (no ring)

@: no status effects
A: no striking features
a: no special abilities


You were on level 3 of the Dungeon.
You visited 1 branch of the dungeon, and saw 3 of its levels.

You collected 94 gold pieces.

Inventory:

Hand Weapons
 f - a +1 short sword of speed (weapon)
Missiles
 l - 16 arrows
Armour
 a - a +0 robe (worn)
Jewellery
 i - a cursed ring of teleportation (left hand)
Wands
 n - a wand of polymorph (4)
Scrolls
 b - 3 scrolls of teleportation {unknown}
 d - 3 scrolls of identify {unknown}
 h - a scroll of magic mapping {unknown}
 m - a scroll of enchant weapon {unknown}
Potions
 c - 4 potions of curing {unknown}
 e - a potion of resistance {unknown}
 g - a potion of magic {unknown}
 j - a potion of flight {unknown}
 k - 3 potions of brilliance {unknown}


   Skills:
 - Level 2.4 Dodging
 - Level 2.4 Stealth
 + Level 4.3 Spellcasting
 + Level 2.8 Conjurations
 + Level 1.4 Hexes
 + Level 4.2 Fire Magic


You couldn't memorise any spells.
You knew the following spells:

 Your Spells              Type           Power        Failure   Level
a - Foxfire               Conj/Fire      76%          2%          1
b - Conjure Flame         Conj/Fire      19%          9%          3
c - Inner Flame           Hex/Fire       16%          11%         3
d - Sticky Flame          Conj/Fire      19%          26%         4

Your spell library contained the following spells:

 Spells                   Type           Power        Failure   Level
 Fireball                 Conj/Fire      9%           58%         5


Dungeon Overview and Level Annotations

Branches:
Dungeon (3/15)

Altars:


Message History

Casting: Foxfire (safe; 2% risk of failure)
Confirm with . or Enter, or press ? or * to list all spells.
You conjure some foxfire!
The foxfire hits the orc priest.
The orc priest is lightly wounded.
The orc priest mumbles some strange prayers to Beogh against you.
Beogh smites you!
Ouch! That really hurt!
Casting: Foxfire (safe; 2% risk of failure)
Confirm with . or Enter, or press ? or * to list all spells.
You conjure some foxfire!
The foxfire hits the orc priest.
The orc priest is moderately wounded.
The foxfire hits the orc priest!
The orc priest is severely wounded.
The foxfire hits the orc priest.
The orc priest is almost dead.
The orc priest invokes the aid of Beogh against you.
Beogh smites you!
Ouch! That really hurt!
You die...

#.. # ....# #
#(#.#.#.# ##
.#.#.#.# #..
...... #...
#.#.#####
#....###§....^.#
+....'ov@#.###.#
#....###§§...#.#
#...
###.###.#######
#..
#.............#
##
#.#####.#####.#
#.# #.# #.# #.#
#.# #.#
#.......# #.#
#############.##


You could see an orc priest.

Vanquished Creatures
  3 adders (D:2)
  An ooze (D:1)
  A worm (D:2)
  2 leopard geckos (D:2)
  3 orcs (D:3)
  2 ball pythons (D:2)
  2 giant cockroaches
  8 goblins
  3 hobgoblins
  13 jackals
  6 kobolds
  2 bats (D:1)
  11 frilled lizards
  9 rats
66 creatures vanquished.

Vanquished Creatures (others)
  141 foxfires
141 creatures vanquished.

Grand Total: 207 creatures vanquished

Notes
Turn   | Place    | Note
-------+----------+-------------------------------------------
     0 | D:1      | wahza the Deep Elf Fire Elementalist began the quest for
                  | the Orb.
     0 | D:1      | Reached XP level 1. HP: 10/10 MP: 6/6
   173 | D:1      | Reached XP level 2. HP: 12/15 MP: 2/8
   585 | D:1      | Reached XP level 3. HP: 18/19 MP: 8/10
   589 | D:1      | Learned a level 3 spell: Conjure Flame
   593 | D:1      | Learned a level 3 spell: Inner Flame
   998 | D:2      | Reached XP level 4. HP: 24/24 MP: 6/12
  1030 | D:2      | Reached skill level 1 in Hexes
  1143 | D:2      | Learned a level 4 spell: Sticky Flame
  1298 | D:3      | Killed from afar by an orc priest

Illustrated notes

Levels and vault maps discovered:
D:1:      elethiomel_arrival_infinity_welcomes_careful_drivers,
          layout_loops_ring, amcnicky_mini_corridor_feature
D:2:      minmay_wonky_spiral, layout_rooms, minmay_lizard_pond
D:3:      gammafunk_steamed_eel, layout_basic

Skill      XL: |  1  2  3  4 |
---------------+-------------+-----
Conjurations   | 2 |  2.8
Fire Magic     | 4 |  4.2
Spellcasting   | 4 |  4.3
Hexes          | 1 |  1.4
Dodging        | |  2.4
Stealth        | |  2.4

Action                   |  1- 3 |  4- 6 || total
-------------------------+-------+-------++-------
Melee: Short sword       |    14 |     5 ||    19
 Cast: Foxfire           |    63 |    31 ||    94
       Conjure Flame     |     1 |       ||     1
 Stab: Sleeping          |       |     1 ||     1
Armor: Robe              |     5 |       ||     5
Dodge: Dodged            |    16 |     6 ||    22
